UNITED STATES SILVER LEAGUE
NEW AMSTERDAM REPUBLICS VS NORFOLK CRUISERS
07/26/2014
 
TOP OF THE 1ST
Norfolk Cruisers batting - Pitching for New Amsterdam Republics : LHP Timothy Allen
Pitching: LHP Timothy Allen
Batting: RHB Bill Childers 0-0: Ball
1-0: SINGLE (Line Drive, 89S)
Batting: SHB Scott Duncan 0-0: Called Strike
0-1: Grounds into double play, 6-4-3 (Groundball, 6)
Batting: SHB Omar Gutiérrez 0-0: Ball
1-0: Ball
2-0: Called Strike
2-1: SINGLE (Groundball, 5L) (infield hit)
Batting: RHB San-gui Liang 0-0: Ball
Omar Gutiérrez steals 2nd base
1-0: Ball
2-0: 2-RUN HOME RUN (Flyball, 8RXD), Distance : 438 ft
Batting: SHB Pancho Ríos 0-0: Ball
1-0: Foul Ball, location: 2F
1-1: Called Strike
1-2: Strikes out looking
Top of the 1st over - 2 run(s), 3 hit(s), 0 error(s), 0 left on base; Norfolk 2 - New Amsterdam 0
BOTTOM OF THE 1ST
New Amsterdam Republics batting - Pitching for Norfolk Cruisers : LHP Todd Porter
Pitching: LHP Todd Porter
Batting: RHB Raúl Hernández 0-0: Ball
1-0: Foul Ball, location: 2F
1-1: Ball
2-1: Foul Ball, location: 2F
2-2: Strikes out swinging
Batting: RHB Rodrigo Luna 0-0: Called Strike
0-1: Foul Ball, location: 2F
0-2: Ball
1-2: Strikes out swinging
Batting: LHB Steve Ingram 0-0: Called Strike
0-1: Foul Ball, location: 2F
0-2: Ball
1-2: Ball
2-2: Ball
3-2: Base on Balls
Batting: RHB Lawrence Bell 0-0: 2-RUN HOME RUN (Flyball, 89XD), Distance : 429 ft
Batting: RHB Colby Turner 0-0: Ball
1-0: Ground out 1-3 (Groundball, 13)
Bottom of the 1st over - 2 run(s), 1 hit(s), 0 error(s), 0 left on base; Norfolk 2 - New Amsterdam 2
TOP OF THE 2ND
Norfolk Cruisers batting - Pitching for New Amsterdam Republics : LHP Timothy Allen
Batting: SHB Sancho Rivera 0-0: Ball
1-0: Fly out, F9 (Flyball, 89XD)
Batting: RHB James Bolden 0-0: Called Strike
0-1: Called Strike
0-2: Ball
1-2: SINGLE (Groundball, 6MD)
Batting: RHB Terry Sylvester 0-0: SINGLE (Groundball, 56D)
James Bolden to second
Batting: LHB Todd Porter 0-0: Bunted foul
0-1: Sac Bunt - play at first, batter OUT! 1-4
James Bolden to third
Terry Sylvester to second
Batting: RHB Bill Childers 0-0: Called Strike
0-1: Swinging Strike
0-2: Ball
1-2: Ground out 6-3 (Groundball, 6)
Top of the 2nd over - 0 run(s), 2 hit(s), 0 error(s), 2 left on base; Norfolk 2 - New Amsterdam 2
BOTTOM OF THE 2ND
New Amsterdam Republics batting - Pitching for Norfolk Cruisers : LHP Todd Porter
Batting: RHB Tony Torres 0-0: Called Strike
0-1: Foul Ball, location: 2F
0-2: Ball
1-2: SOLO HOME RUN (Flyball, 78XD), Distance : 428 ft
Batting: SHB Juan López 0-0: Ball
1-0: Foul Ball, location: 2F
1-1: Ball
2-1: Reached on error, E6 (Groundball, 6)
Batting: SHB Ludovico Bluemel 0-0: Swinging Strike
0-1: Swinging Strike
0-2: Strikes out looking
Batting: LHB Timothy Allen 0-0: Ball
1-0: Sac Bunt - play at first, batter OUT! 1-4
Juan López to second
Batting: RHB Raúl Hernández 0-0: Foul Ball, location: 2F
0-1: Ball
1-1: Ball
2-1: Ball
3-1: Base on Balls
Batting: RHB Rodrigo Luna 0-0: Ball
1-0: Fly out, F8 (Flyball, 8LS)
Bottom of the 2nd over - 1 run(s), 1 hit(s), 1 error(s), 2 left on base; Norfolk 2 - New Amsterdam 3
TOP OF THE 3RD
Norfolk Cruisers batting - Pitching for New Amsterdam Republics : LHP Timothy Allen
Batting: SHB Scott Duncan 0-0: Ball
1-0: Ball
2-0: Called Strike
2-1: Called Strike
2-2: SINGLE (Line Drive, 89M)
Batting: SHB Omar Gutiérrez 0-0: Fly out, F5 (Popup, 5F)
Batting: RHB San-gui Liang 0-0: SINGLE (Line Drive, 4MD)
Scott Duncan to second
Batting: SHB Pancho Ríos 0-0: Ball
Wild Pitch!
Scott Duncan to third
San-gui Liang to second
1-0: Called Strike
1-1: Ball
2-1: Ball
3-1: Foul Ball, location: 2F
3-2: Base on Balls
Batting: SHB Sancho Rivera 0-0: Swinging Strike
0-1: Ball
1-1: Foul Ball, location: 2F
1-2: Ball
2-2: Ball
3-2: Foul Ball, location: 2F
3-2: Base on Balls
Scott Duncan scores
San-gui Liang to third
Pancho Ríos to second
Batting: RHB James Bolden 0-0: Called Strike
0-1: Ball
1-1: Swinging Strike
1-2: Foul Ball, location: 2F
1-2: Foul Ball, location: 2F
1-2: Strikes out swinging
Batting: RHB Terry Sylvester 0-0: Ball
1-0: Foul Ball, location: 2F
1-1: Ball
2-1: Ball
3-1: Base on Balls
San-gui Liang scores
Pancho Ríos to third
Sancho Rivera to second
Batting: LHB Todd Porter 0-0: Called Strike
0-1: Foul Ball, location: 2F
0-2: Ball
1-2: Fly out, F9 (Flyball, 9M)
Top of the 3rd over - 2 run(s), 2 hit(s), 0 error(s), 3 left on base; Norfolk 4 - New Amsterdam 3
BOTTOM OF THE 3RD
New Amsterdam Republics batting - Pitching for Norfolk Cruisers : LHP Todd Porter
Batting: LHB Steve Ingram 0-0: Ball
1-0: Ground out 4-3 (Groundball, 34)
Batting: RHB Lawrence Bell 0-0: Ball
1-0: Ball
2-0: Swinging Strike
2-1: Ground out 4-3 (Groundball, 4M)
Batting: RHB Colby Turner 0-0: Ball
1-0: Ball
2-0: Ball
3-0: Base on Balls
Batting: RHB Tony Torres 0-0: Called Strike
0-1: Ball
1-1: 2-RUN HOME RUN (Flyball, 7LD), Distance : 356 ft
Pitching: LHP Adrián Martínez
Batting: SHB Juan López 0-0: SINGLE (Line Drive, 56D)
Batting: SHB Ludovico Bluemel 0-0: Ball
Throwing error on steal attempt, E2
Juan López to third
1-0: Swinging Strike
1-1: Foul Ball, location: 2F
1-2: Ground out 6-3 (Groundball, 6)
Bottom of the 3rd over - 2 run(s), 2 hit(s), 1 error(s), 1 left on base; Norfolk 4 - New Amsterdam 5
TOP OF THE 4TH
Norfolk Cruisers batting - Pitching for New Amsterdam Republics : LHP Timothy Allen
Batting: RHB Bill Childers 0-0: Called Strike
0-1: Called Strike
0-2: Ball
1-2: Ball
2-2: Foul Ball, location: 2F
2-2: Ball
3-2: Strikes out swinging
Batting: SHB Scott Duncan 0-0: Ball
1-0: Called Strike
1-1: Ball
2-1: Called Strike
2-2: Ground out 6-3 (Groundball, 6M)
Batting: SHB Omar Gutiérrez 0-0: Foul Ball, location: 2F
0-1: SINGLE (Groundball, 5L)
Batting: RHB San-gui Liang 0-0: Called Strike
0-1: Ball
1-1: Fly out, F9 (Flyball, 89XD)
Top of the 4th over - 0 run(s), 1 hit(s), 0 error(s), 1 left on base; Norfolk 4 - New Amsterdam 5
BOTTOM OF THE 4TH
New Amsterdam Republics batting - Pitching for Norfolk Cruisers : LHP Adrián Martínez
Pinch Hitting: LHB Juan Ángel 0-0: Called Strike
0-1: Ball
1-1: Ball
2-1: Swinging Strike
2-2: Foul Ball, location: 2F
2-2: Foul Ball, location: 2F
2-2: Ball
3-2: Foul Ball, location: 2F
3-2: Base on Balls
Batting: RHB Raúl Hernández 0-0: Called Strike
0-1: SINGLE (Line Drive, 4M)
Juan Ángel to second
Batting: RHB Rodrigo Luna 0-0: Ball
1-0: Ball
2-0: Called Strike
2-1: Ball
3-1: Grounds into double play, 4-6-3 (Groundball, 34)
Juan Ángel to third
Batting: LHB Steve Ingram 0-0: Called Strike
0-1: Ball
1-1: Foul Ball, location: 2F
1-2: Ball
Reached via error on receiving a throw, E1
Juan Ángel scores
Batting: RHB Lawrence Bell 0-0: Ball
1-0: Ball
2-0: Called Strike
2-1: Ball
3-1: Fly out, F5 (Popup, 5F)
Bottom of the 4th over - 1 run(s), 1 hit(s), 1 error(s), 1 left on base; Norfolk 4 - New Amsterdam 6
TOP OF THE 5TH
Norfolk Cruisers batting - Pitching for New Amsterdam Republics : LHP Timothy Allen
Pitching: RHP José Velásquez
Batting: SHB Pancho Ríos 0-0: Foul Ball, location: 2F
0-1: Ball
1-1: Ball
2-1: DOUBLE (Flyball, 78M)
Pinch Runner at 2nd Stephen Baldwin:
Batting: SHB Sancho Rivera 0-0: Ball
1-0: Called Strike
1-1: Swinging Strike
1-2: Ball
2-2: Strikes out swinging
Batting: RHB James Bolden 0-0: Ball
1-0: Ball
2-0: Ball
3-0: Called Strike
3-1: Foul Ball, location: 2F
3-2: Strikes out swinging
Batting: RHB Terry Sylvester 0-0: Ball
1-0: Ball
2-0: Ball
3-0: Called Strike
3-1: Called Strike
3-2: Fly out, F7 (Line Drive, 7M)
Top of the 5th over - 0 run(s), 1 hit(s), 0 error(s), 1 left on base; Norfolk 4 - New Amsterdam 6
BOTTOM OF THE 5TH
New Amsterdam Republics batting - Pitching for Norfolk Cruisers : LHP Adrián Martínez
Now at 3B: Stephen Baldwin
Batting: RHB Colby Turner 0-0: Called Strike
0-1: Fly out, F9 (Flyball, 9S)
Batting: RHB Tony Torres 0-0: Ball
1-0: Swinging Strike
1-1: Ball
2-1: Ball
3-1: Base on Balls
Pitching: LHP Monte Conner
Batting: SHB Juan López 0-0: Fly out, F3 (Popup, 34S)
Batting: SHB Ludovico Bluemel 0-0: Ball
1-0: Ball
2-0: SINGLE (Line Drive, 7S)
Tony Torres to second
Pinch Hitting: LHB Francisco Torres 0-0: Ball
1-0: Swinging Strike
1-1: Foul Ball, location: 2F
1-2: Ball
2-2: Strikes out looking
Bottom of the 5th over - 0 run(s), 1 hit(s), 0 error(s), 2 left on base; Norfolk 4 - New Amsterdam 6
TOP OF THE 6TH
Norfolk Cruisers batting - Pitching for New Amsterdam Republics : RHP José Velásquez
Pitching: RHP Alfonso Galván
Pinch Hitting: RHB Carlos Rodríguez 0-0: Called Strike
0-1: Foul Ball, location: 2F
0-2: Strikes out looking
Batting: RHB Bill Childers 0-0: Foul Ball, location: 2F
0-1: Ball
1-1: Foul Ball, location: 2F
1-2: Ball
2-2: Foul Ball, location: 2F
2-2: Strikes out looking
Batting: SHB Scott Duncan 0-0: Ball
1-0: Hit by Pitch
Batting: SHB Omar Gutiérrez 0-0: Called Strike
0-1: Swinging Strike
0-2: Ball
1-2: SINGLE (Line Drive, 4)
Scott Duncan to second
Runner from 2nd tries for 3rd, OUT!
Top of the 6th over - 0 run(s), 1 hit(s), 0 error(s), 1 left on base; Norfolk 4 - New Amsterdam 6
BOTTOM OF THE 6TH
New Amsterdam Republics batting - Pitching for Norfolk Cruisers : LHP Monte Conner
Pitching: RHP Cam Davidson
Batting: RHB Raúl Hernández 0-0: Ball
1-0: Ground out U3 (Groundball, 3)
Batting: RHB Rodrigo Luna 0-0: SINGLE (Line Drive, 4D)
Batting: LHB Steve Ingram 0-0: Called Strike
0-1: Ball
1-1: Foul Ball, location: 2F
1-2: 2-RUN HOME RUN (Flyball, 9LD), Distance : 369 ft
Pitching: RHP Dave Conley
Batting: RHB Lawrence Bell 0-0: Swinging Strike
0-1: Ground out 6-3 (Groundball, 6M)
Batting: RHB Colby Turner 0-0: Ball
1-0: Called Strike
1-1: Foul Ball, location: 2F
1-2: SOLO HOME RUN (Flyball, 8LXD), Distance : 441 ft
Batting: RHB Tony Torres 0-0: Ball
1-0: Ball
2-0: Foul Ball, location: 2F
2-1: Ball
3-1: Base on Balls
Batting: SHB Juan López 0-0: Called Strike
0-1: Fly out, F8 (Flyball, 89M)
Bottom of the 6th over - 3 run(s), 3 hit(s), 0 error(s), 1 left on base; Norfolk 4 - New Amsterdam 9
TOP OF THE 7TH
Norfolk Cruisers batting - Pitching for New Amsterdam Republics : RHP Alfonso Galván
Now at C: Juan Benítez
Batting: RHB San-gui Liang 0-0: SOLO HOME RUN (Flyball, 7LD), Distance : 356 ft
Batting: SHB Stephen Baldwin 0-0: Called Strike
0-1: SINGLE (Flyball, 89S)
Batting: SHB Sancho Rivera 0-0: Called Strike
0-1: Swinging Strike
0-2: Ball
1-2: Ball
2-2: Ball
3-2: Base on Balls
Stephen Baldwin to second
Batting: RHB James Bolden 0-0: Ball
Wild Pitch!
Stephen Baldwin to third
Sancho Rivera to second
1-0: Called Strike
1-1: SINGLE (Line Drive, 9S)
Stephen Baldwin scores
Sancho Rivera to third
Pitching: RHP Wynn Burton
Now at 1B: Earl Holman
Batting: RHB Terry Sylvester 0-0: Called Strike
0-1: Swinging Strike
0-2: Strikes out swinging
Pinch Hitting: RHB Pedro Peña 0-0: Called Strike
0-1: Called Strike
0-2: SINGLE (Line Drive, 56D)
Sancho Rivera scores
James Bolden to second
Pinch Hitting: RHB Ben Ramey 0-0: Swinging Strike
0-1: Ball
1-1: Ball
Wild Pitch!
James Bolden to third
Pedro Peña to second
2-1: Swinging Strike
2-2: Strikes out swinging
Batting: SHB Scott Duncan 0-0: Foul Ball, location: 2F
0-1: Called Strike
0-2: Strikes out swinging passed ball, reaches first!
James Bolden scores
Pedro Peña to third
Batting: SHB Omar Gutiérrez 0-0: Fly out, F8 (Line Drive, 8LM)
Top of the 7th over - 4 run(s), 4 hit(s), 0 error(s), 2 left on base; Norfolk 8 - New Amsterdam 9
BOTTOM OF THE 7TH
New Amsterdam Republics batting - Pitching for Norfolk Cruisers : RHP Dave Conley
Pitching: RHP Brian Bradley
Now in RF: Ben Ramey
Batting: SHB Ludovico Bluemel 0-0: Foul Ball, location: 2F
0-1: Ball
1-1: Ground out 4-3 (Groundball, 34)
Batting: SHB Earl Holman 0-0: Called Strike
0-1: Ball
1-1: Foul Ball, location: 2F
1-2: Foul Ball, location: 2F
1-2: Foul Ball, location: 2F
1-2: Foul Ball, location: 2F
1-2: SINGLE (Groundball, 6MD)
Batting: RHB Raúl Hernández 0-0: Ball
1-0: Ball
2-0: Ball
3-0: Called Strike
3-1: Foul Ball, location: 2F
3-2: Reached on error, E5 (Groundball, 5S)
Earl Holman to second
Earl Holman to third
Raúl Hernández to second
Batting: RHB Rodrigo Luna 0-0: Foul Ball, location: 2F
0-1: Ball
1-1: Fly out, F8 (Flyball, 8RM)
Batting: LHB Steve Ingram 0-0: Called Strike
0-1: Foul Ball, location: 2F
0-2: Foul Ball, location: 2F
0-2: Ball
1-2: Ball
2-2: Ground out 6-3 (Groundball, 6M)
Bottom of the 7th over - 0 run(s), 1 hit(s), 1 error(s), 2 left on base; Norfolk 8 - New Amsterdam 9
TOP OF THE 8TH
Norfolk Cruisers batting - Pitching for New Amsterdam Republics : RHP Wynn Burton
Batting: RHB San-gui Liang 0-0: Ball
1-0: Ball
2-0: Ball
3-0: Base on Balls
Pitching: LHP Ricardo Betancourt
Now at 2B: Chip Teague
Batting: SHB Stephen Baldwin 0-0: Called Strike
0-1: Ball
1-1: Foul Ball, location: 2F
1-2: Strikes out swinging
Pitching: RHP Troy Hall
Batting: SHB Sancho Rivera 0-0: Ball
1-0: Swinging Strike
1-1: Called Strike
1-2: Ball
2-2: Foul Ball, location: 2F
2-2: Strikes out swinging
Batting: RHB James Bolden 0-0: Ball
1-0: Ball
2-0: Fly out, F7 (Line Drive, 7D)
Top of the 8th over - 0 run(s), 0 hit(s), 0 error(s), 1 left on base; Norfolk 8 - New Amsterdam 9
BOTTOM OF THE 8TH
New Amsterdam Republics batting - Pitching for Norfolk Cruisers : RHP Brian Bradley
Batting: RHB Juan Benítez 0-0: Ball
1-0: Ball
2-0: Ball
3-0: Called Strike
3-1: Called Strike
3-2: Ground out 5-3 (Groundball, 15S)
Batting: RHB Colby Turner 0-0: Ball
1-0: Swinging Strike
1-1: Ball
2-1: Ball
3-1: Fly out, F3 (Popup, 3SF)
Batting: RHB Chip Teague 0-0: Ball
1-0: DOUBLE (Line Drive, 5L)
Batting: SHB Juan López 0-0: Ball
1-0: Ground out U3 (Groundball, 3)
Bottom of the 8th over - 0 run(s), 1 hit(s), 0 error(s), 1 left on base; Norfolk 8 - New Amsterdam 9
TOP OF THE 9TH
Norfolk Cruisers batting - Pitching for New Amsterdam Republics : RHP Troy Hall
Pitching: RHP Ji-hoon Park
Batting: RHB Terry Sylvester 0-0: Ball
1-0: Foul Ball, location: 2F
1-1: Foul Ball, location: 2F
1-2: Ball
2-2: Foul Ball, location: 2F
2-2: Strikes out swinging
Pinch Hitting: RHB Amor Rodríguez 0-0: Ball
1-0: Ball
2-0: Fly out, F7 (Flyball, 78S)
Batting: RHB Ben Ramey 0-0: Ground out 6-3 (Groundball, 6M)
Top of the 9th over - 0 run(s), 0 hit(s), 0 error(s), 0 left on base; Norfolk 8 - New Amsterdam 9
This league is powered by Out of the Park Baseball, the baseball management simulation game for PC, Mac and Linux
Thursday, April 24th, 2014 - OOTP Baseball 14.6 Build 33